 Dungeon Crawl Stone Soup version 0.26.1-2-gb8aa6d0cf2 (webtiles) character file.

Game seed: 12034489676795099932

506 Gadfly the Skirmisher (level 7, -1/70 HPs)
             Began as an Ogre Monk on Feb 11, 2021.
             Succumbed to a gnoll's poison
             ... on level 4 of the Dungeon.
             The game lasted 00:07:54 (6306 turns).

Gadfly the Skirmisher (Ogre Monk)                   Turns: 6306, Time: 00:07:55

Health: -1/70      AC:  5    Str: 18    XL:     7   Next: 18%
Magic:  9/9        EV: 10    Int: 11    God:
Gold:   141        SH:  0    Dex: 11    Spells: 6/6 levels left

rFire    . . .     SeeInvis .   a - +2 mace (vorpal)
rCold    . . .     Faith    .   (no shield)
rNeg     . . .     Spirit   .   k - +0 robe
rPois    .         Reflect  .   (helmet restricted)
rElec    .         Harm     .   f - +1 cloak
rCorr    .         Rampage  .   (gloves unavailable)
Will     .....                  (boots unavailable)
Stlth    ++........             (no amulet)
HPRegen  0.21/turn              (no ring)
MPRegen  0.11/turn              (no ring)

@: lethally poisoned (-1 -> -22)
A: large, unfitting armour, tough skin 1
a: no special abilities


You were on level 4 of the Dungeon.
You visited 1 branch of the dungeon, and saw 5 of its levels.

You collected 141 gold pieces.

Inventory:

Hand Weapons
 a - a +2 vorpal mace (weapon)
 b - a +0 short sword of flaming
 j - a +0 flail
Missiles
 c - 121 stones (quivered)
Armour
 f - a +1 cloak (worn)
 k - a +0 robe (worn)
 n - a scarf of harm
Jewellery
 p - an uncursed ring of ice
Wands
 m - a wand of random effects (20)
Scrolls
 g - 3 scrolls of noise
 h - 2 scrolls of teleportation
 i - 3 scrolls of blinking
 o - a scroll of magic mapping
 q - a scroll of identify
Potions
 d - 2 potions of attraction
 e - a potion of haste
 l - 2 potions of might


   Skills:
 - Level 4.0 Fighting
 + Level 3.5 Maces & Flails
 * Level 3.1 Throwing
 * Level 2.5 Armour
 - Level 2.6 Dodging
 - Level 1.4 Stealth
 * Level 3.5 Invocations
 * Level 2.5 Evocations


You had 6 spell levels left.
You didn't know any spells.
Your spell library was empty.

Dungeon Overview and Level Annotations

Branches:
Dungeon (5/15)
 Temple: D:4-7

Altars:
Gozag
Nemelex Xobeh
Sif Muna


Innate Abilities, Weirdness & Mutations

You are too large for most types of armour.
You have tough skin. (AC +1)


Message History

The ooze closely misses you. The gnoll closely misses you.
As you read the scroll of teleportation, it crumbles to dust.
You feel strangely unstable.
You feel very sick. The ooze hits you but does no damage.
The gnoll hits you from afar with a +2 spear of venom!
* * * LOW HITPOINT WARNING * * *
* * * LOW HITPOINT WARNING * * *
You feel very sick.
* * * LOW HITPOINT WARNING * * *
You feel sick.
Your surroundings suddenly seem different.
* * * LOW HITPOINT WARNING * * *
You feel very sick.
* * * LOW HITPOINT WARNING * * *
You feel sick.
Okay, then.
* * * LOW HITPOINT WARNING * * *
You feel sick.
You die...

##.............
####.>............
#....[............
#..#..............
####....#...##...#..
#.......########...<
#..........##.....>#
#.................##
#..@....#####......
#.......# #.#.##
#.......# #...
#.......# ...
#.......# ..
#.......# #######.#
... .#


There were no monsters in sight!

Vanquished Creatures
  6 orc priests
  A gnoll shaman (D:3)
  Terence (D:2)
  An iguana (D:3)
  3 orc wizards
  2 gnolls
  8 adders
  A worm (D:3)
  A dart slug (D:3)
  A leopard gecko (D:1)
  14 orcs
  A giant cockroach (D:2)
  A goblin (D:3)
  2 hobgoblins
  14 jackals
  2 quokkas
  A ball python (D:2)
  7 bats
  2 frilled lizards
  5 kobolds
  A quokka skeleton (D:4)
  4 rats
79 creatures vanquished.

Notes
Turn   | Place    | Note
-------+----------+-------------------------------------------
     0 | D:1      | Gadfly the Ogre Monk began the quest for the Orb.
     0 | D:1      | Reached XP level 1. HP: 24/24 MP: 1/1
   373 | D:1      | Found a sparkling altar of Nemelex Xobeh.
   380 | D:1      | Reached XP level 2. HP: 29/32 MP: 2/2
  1069 | D:2      | Reached skill level 1 in Invocations
  1289 | D:2      | Noticed Terence
  1298 | D:2      | Killed Terence
  1299 | D:2      | Reached skill level 1 in Throwing
  1299 | D:2      | Reached skill level 1 in Armour
  1299 | D:2      | Reached skill level 1 in Evocations
  1299 | D:2      | Reached XP level 3. HP: 18/39 MP: 2/4
  1687 | D:2      | Found an opulent altar of Gozag.
  2342 | D:2      | Reached XP level 4. HP: 20/48 MP: 5/5
  2951 | D:3      | Reached XP level 5. HP: 52/54 MP: 6/6
  4338 | D:3      | Reached XP level 6. HP: 62/62 MP: 6/8
  4419 | D:3      | Found a shimmering blue altar of Sif Muna.
  5771 | D:5      | Entered Level 5 of the Dungeon
  6036 | D:5      | Reached XP level 7. HP: 68/70 MP: 9/9
  6304 | D:4      | HP: 3/70 [poisoned by a gnoll]
  6305 | D:4      | HP: 1/70 [poisoned by a gnoll]
  6306 | D:4      | Succumbed to a gnoll's poison

Illustrated notes

Levels and vault maps discovered:
D:1:      minmay_arrival_checkered_box, layout_basic,
          nemelex_xobeh_ov_fountains_minmay
D:2:      layout_loops_ring, marbit_many_paths, uniq_terence
D:3:      layout_basic, led_sif_book
D:4:      layout_rooms, lightli_sewer_entry_pipes,
          chequers_serial_rivers_small_a, grunt_tough_drop
D:5:      layout_gridville, solitary_fountain

Skill      XL: |  1  2  3  4  5  6 |
---------------+-------------------+-----
Invocations    | 1 2 3 |  3.5
Throwing       | 1 2 3 |  3.1
Armour         | 1 2 |  2.5
Evocations     | 1 2 |  2.5
Maces & Flails | 3 |  3.5
Fighting       | |  4.0
Dodging        | |  2.6
Stealth        | |  1.4

Action                   |  1- 3 |  4- 6 |  7- 9 || total
-------------------------+-------+-------+-------++-------
Melee: Mace              |    71 |    91 |    36 ||   198
       Hand axe          |    45 |    72 |       ||   117
Throw: Stone             |     1 |     8 |       ||     9
  Use: Scroll            |     8 |     4 |     3 ||    15
       Potion            |       |     2 |       ||     2
 Stab: Sleeping          |     1 |     2 |       ||     3
Armor: Robe              |    55 |    78 |    19 ||   152
Dodge: Dodged            |    63 |   124 |    28 ||   215
